 Dungeon Crawl Stone Soup version 0.28-a0-410-gbef64dd269 (webtiles) character file.

Game seed: 2400489836725029595

28 ytrimaz the Ruffian (level 3, 36/36 HPs)
             Began as a Troll Berserker on Sept 6, 2021.
             Was a Follower of Trog.
             Quit the game on level 1 of the Dungeon.
             The game lasted 00:01:25 (569 turns).

ytrimaz the Ruffian (Troll Berserker)                Turns: 569, Time: 00:01:26

Health: 36/36      AC:  4    Str: 26    XL:     3   Next: 0%
Magic:  2/2        EV: 10    Int:  3    God:    Trog [*.....]
Gold:   30         SH:  0    Dex:  9    Spells: 2/2 levels left

rFire   . . .      SeeInvis .     - Unarmed
rCold   . . .      Faith    .   (no shield)
rNeg    . . .      Spirit   .   a - +0 animal skin
rPois   .          Reflect  .   (helmet restricted)
rElec   .          Harm     .   (no cloak)
rCorr   .          Rampage  .   (gloves unavailable)
Will    .....                   (boots unavailable)
Stlth   +.........              (no amulet)
HPRegen 1.12/turn               (no ring)
MPRegen 0.08/turn               (no ring)

@: no status effects
A: large, unfitting armour, claws 3, regeneration 1, shaggy fur 1, tough skin 1
a: Renounce Religion, Berserk


You were on level 1 of the Dungeon.
You worshipped Trog.
Trog was aware of your devotion.
You visited 1 branch of the dungeon, and saw 1 of its levels.

You collected 30 gold pieces.

Inventory:

Armour
 a - a +0 animal skin (worn)
Jewellery
 d - a ring of protection from fire
Scrolls
 e - a scroll of blinking {unknown}
 f - a scroll of enchant weapon {unknown}
Potions
 b - a potion of berserk rage {unknown}
 c - a potion of degeneration {unknown}
 g - a potion of mutation {unknown}


   Skills:
 + Level 2.6 Fighting
 + Level 2.7 Dodging
 * Level 3.6 Unarmed Combat


You had 2 spell levels left.
You didn't know any spells.
Your spell library was empty.

Dungeon Overview and Level Annotations

Branches:
Dungeon (1/15)

Altars:


Innate Abilities, Weirdness & Mutations

You are too large for most types of armour.
You have claws for hands.
Your natural rate of healing is unusually fast.
You are covered in fur. (AC +1)
You have tough skin. (AC +1)


Message History

A hobgoblin is nearby!
The hobgoblin barely misses you. The hobgoblin misses you.
You claw the hobgoblin!
You kill the hobgoblin!
Trog accepts your kill.
A bat comes into view.
The bat hits you but does no damage.
A bat is nearby!
The bat hits you but does no damage. x2
You claw the bat!
You kill the bat!
Trog accepts your kill.
A bat comes into view.
A bat is nearby!
A bat is nearby!
The bat hits you but does no damage. The bat hits you but does no damage.
The bat closely misses you. The bat hits you but does no damage.
The bat misses you. The bat hits you but does no damage.
The bat hits you but does no damage. The bat hits you.
The bat completely misses you. The bat hits you but does no damage.
The bat hits you but does no damage. x2
The bat hits you but does no damage.
You closely miss the bat. The bat closely misses you. x2
You scratch the bat but do no damage. The bat barely misses you.
You scratch the bat but do no damage. The bat closely misses you.
The bat hits you but does no damage.
You scratch the bat.
You kill the bat!
Trog accepts your kill.
You have reached level 3!
Your experience leads to an increase in your attributes!
Increase (S)trength, (I)ntelligence, or (D)exterity?
You feel stronger. x2
Unknown command.
Are you sure you want to abandon this character and quit the game? (Confirm with "yes".)

#.# #.# #..
########## #.......##
########.#####.##
#####........#####.##
#.....#####..##.....#
#...@.# #..##.##..#
#..#.†# #.........#
#...### #.....###.#
#..# #.######... ##.
#.##......# .#
####.###..# ..
#....... #.. #......#
## #...#..#


There were no monsters in sight!

Vanquished Creatures
  A gnoll (D:1)
  3 ball pythons (D:1)
  2 giant cockroaches (D:1)
  2 hobgoblins (D:1)
  A quokka (D:1)
  3 bats (D:1)
  5 frilled lizards (D:1)
  3 kobolds (D:1)
20 creatures vanquished.

Notes
Turn   | Place    | Note
-------+----------+-------------------------------------------
     0 | D:1      | ytrimaz the Troll Berserker began the quest for the Orb.
     0 | D:1      | Reached XP level 1. HP: 22/22 MP: 0/0
     6 | D:1      | Noticed an electric eel
   216 | D:1      | Reached XP level 2. HP: 29/29 MP: 1/1
   569 | D:1      | Reached XP level 3. HP: 36/36 MP: 2/2
   569 | D:1      | Quit the game

Illustrated notes

Levels and vault maps discovered:
D:1:      arrival_aquarium_a, layout_loops_cross,
          chequers_ecumenical_altar_lobes

Action                   || total
-------------------------++-------
Melee: Unarmed           ||    67
       Punch             ||     1
Invok: Berserk           ||     1
Armor: Animal skin       ||    34
Dodge: Dodged            ||    55

Table legend: (Time is in decaauts)
 A = Elapsed time spent in this place.
 B = Non-inter-level travel time spent in this place.
 C = Inter-level travel time spent in this place.
 D = Time resting spent in this place.
 E = Time spent auto-exploring this place.
 F = Levels seen in this place.
 G = Mean time per level.
                   A        B        C        D        E       F      G
               +--------+--------+--------+--------+--------+-----+--------+
         Total |    572 |    572 |      0 |     33 |    371 |   1 |  572.0 |
       Dungeon |    572 |    572 |      0 |     33 |    371 |   1 |  572.0 |
               +--------+--------+--------+--------+--------+-----+--------+

Top non-repeatable levels by time:
     D:1: 572 daAuts
